[Event "Team 45 45 League T26"]
[Site "Free Internet Chess Server"]
[Date "PDT.05.0"]
[Round "8"]
[White "RussoTuristo"]
[Black "geolas"]
[Result "1-0"]
[WhiteElo "1906"]
[BlackElo "1845"]
[TimeControl "2700+45"]

1. c4 c5 2. Nc3 g6 3. g3 Bg7 4. Bg2 Nc6 5. e4 d6 6. Nge2 Bd7 7. O-O Nf6 8. h3 a6 9. d3 Rb8 10. Nd5 b5 11. Rb1 b4 12. b3 e6 13. Nxf6+ Bxf6 14. Kh2 O-O 15. Bh6 Re8 16. Bf4 e5 17. Be3 Kh8 18. f4 Rg8 19. fxe5 Nxe5 20. d4 cxd4 21. Bxd4 Be6 22. Nf4 Kg7 23. Qd2 Rb7 24. Rbd1 Re8 25. Bb2 Rd7 26. Bxe5 dxe5 27. Nxe6+   {Black resigns} 1-0

[Event "Team 45 45 League T26"]
[Site "Free Internet Chess Server"]
[Date "PDT.05.0"]
[Round "8"]
[White "sacKING"]
[Black "mandragora"]
[Result "1-0"]
[WhiteElo "1782"]
[BlackElo "1777"]
[TimeControl "2700+45"]

1. c4 Nf6 2. g3 e5 3. Bg2 d5 4. cxd5 Nxd5 5. Nf3 Nc6 6. O-O Nb6 7. d3 Be7 8. Nbd2 Be6 9. a3 f5 10. b4 a6 11. Bb2 Bf6 12. Qc2 O-O 13. Nb3 Rb8 14. Rac1 Qd6 15. Rfd1 Qe7 16. Nc5 Bd5 17. e4 fxe4 18. Nxe4 Nd7 19. Re1 Rbc8 20. Nxf6+ Nxf6 21. Nxe5 Nxe5 22. Bxd5+ Nxd5 23. Rxe5 Qd7 24. Qc4 c6 25. Rg5 g6 26. Qd4 Nf6 27. Qxd7 Nxd7 28. d4 Nf6 29. Re5 Nd5 30. Rce1 Kg7 31. Bc1 Rf3 32. Kg2 Rcf8 33. Bf4 Rxa3 34. Bd2 Raf3 35. R1e2 Rd3 36. R5e4 Rf7 37. Kf1 Nf6 38. Rh4 h5 39. Ke1 Rd7 40. Bg5 Nd5 41. Rb2   {Black forfeits on time} 1-0

[Event "Team 45 45 League T26"]
[Site "Free Internet Chess Server"]
[Date "2005.05.13"]
[Round "8"]
[White "pioneerknight"]
[Black "malevolentmick"]
[Result "0-1"]
[WhiteElo "1735"]
[BlackElo "1812"]
[TimeControl "2700+45"]

1. Nf3 d5 2. c4 e6 3. d4 Nf6 4. e3 Nbd7 5. Nc3 Be7 6. Bd3 O-O 7. O-O b6 8. e4 dxe4 9. Nxe4 Bb7 10. Re1 c5 11. Qc2 h6 12. b3 cxd4 13. Bf4 Nc5 14. Nxc5 bxc5 15. Ne5 Bd6 16. Qd2 Qc7 17. Bxh6 Bxe5 18. Bxg7 Bxh2+ 19. Kh1 Bf4 20. Bxf6 Bxd2 21. Re5 Qxe5 22. Bxe5 f6 23. Bd6 Rfc8 24. Be7 Kf7 25. Bd6 e5 26. b4 Rh8+ 27. Kg1 Rag8 28. Kf1 Rh1+ 29. Ke2 Rxa1 30. Kxd2 Rxa2+ 31. Ke1 Rxg2 32. Kf1 Rh2 33. Ke1 Rh1+ 34. Bf1 Bg2 35. Bxc5 Rxf1#   {White checkmated} 0-1

[Event "Team 45 45 League T26"]
[Site "Free Internet Chess Server"]
[Date "PDT.05.0"]
[Round "8"]
[White "RomaLavrn"]
[Black "fismoluni"]
[Result "1/2-1/2"]
[WhiteElo "1834"]
[BlackElo "1632"]
[TimeControl "2700+45"]

1. d4 Nf6 2. Nc3 d5 3. Bg5 Nbd7 4. f3 h6 5. Bh4 c6 6. e4 dxe4 7. fxe4 Qb6 8. Rb1 e6 9. a3 Be7 10. Nf3 Qd8 11. Bg3 O-O 12. Bc4 Ng4 13. Qe2 Nb6 14. Ba2 Nf6 15. Rd1 Bd7 16. O-O Nh5 17. Bf2 Nf4 18. Qd2 Ng6   {Game drawn by mutual agreement} 1/2-1/2

[Event "Team 45 45 League T26"]
[Site "Free Internet Chess Server"]
[Date "PDT.05.0"]
[Round "8"]
[White "ahorse"]
[Black "LLIAMAH"]
[Result "0-1"]
[WhiteElo "1527"]
[BlackElo "1722"]
[TimeControl "2700+45"]

1. e4 c5 2. Bc4 Nc6 3. Nf3 Qc7 4. O-O e6 5. d4 cxd4 6. Nxd4 a6 7. Be3 Nf6 8. Qf3 b5 9. Bd3 Bb7 10. Nd2 h5 11. c4 Ne5 12. Qe2 Nxd3 13. Qxd3 bxc4 14. Rac1 Ng4 15. Nxc4 Qxh2#   {White checkmated} 0-1

[Event "Team 45 45 League T26"]
[Site "Free Internet Chess Server"]
[Date "PDT.05.0"]
[Round "8"]
[White "jjgsmm"]
[Black "CleverBanana"]
[Result "1-0"]
[WhiteElo "1545"]
[BlackElo "1667"]
[TimeControl "2700+45"]

1. e4 c5 2. Nf3 g6 3. d4 cxd4 4. Nxd4 Bg7 5. Be3 Nf6 6. Nc3 O-O 7. Qd2 b6 8. Bh6 Nc6 9. Nxc6 dxc6 10. Qxd8 Rxd8 11. Bxg7 Kxg7 12. Bd3 Bb7 13. f3 Nh5 14. g3 Rd6 15. Ke2 Rad8 16. Rad1 b5 17. a3 a6 18. Ke3 Kf8 19. g4 Ng7 20. h4 h5 21. g5 Ne6 22. Ne2 c5 23. Nf4 Nd4 24. Ne2 e5 25. Nxd4 exd4+ 26. Kf2 c4 27. Be2 Ke7 28. Rhe1 Ke6 29. Rd2 a5 30. Bf1 Ke5 31. Kg3 Ba6 32. f4+ Ke6 33. e5 Rd5 34. Bg2 Rc5 35. Red1 d3 36. cxd3 cxd3 37. Rxd3 Rxd3+ 38. Rxd3 Ke7 39. Rc3 Rxc3+ 40. bxc3 Bc8 41. Bc6 Bd7 42. Bd5 Be6 43. Be4 Kd7 44. Kf3 Kc7 45. Ke3 Kb6 46. Kd4 Bb3 47. Bd5 a4 48. Be4 Be6 49. Bd3 Bd7 50. Kd5 Be6+ 51. Kd6 Bg4 52. Bb1 Be6 53. Bd3 Bc8 54. Ke7 Be6 55. Kf6 Kc5 56. f5 gxf5 57. Bxf5 Bd5 58. e6 fxe6 59. Bxe6 Bb3 60. g6   {Black resigns} 1-0

[Event "Team 45 45 League T26"]
[Site "Free Internet Chess Server"]
[Date "PDT.05.0"]
[Round "8"]
[White "SamuraiGoroh"]
[Black "PawnSensei"]
[Result "1-0"]
[WhiteElo "1453"]
[BlackElo "1427"]
[TimeControl "2700+45"]

1. e4 e5 2. Nf3 Nc6 3. Bb5 a6 4. Bxc6 bxc6 5. Nxe5 Qg5 6. Ng4 Nf6 7. Nxf6+ Qxf6 8. Nc3 Bc5 9. Qe2 O-O 10. O-O Re8 11. b3 Qe5 12. Bb2 Bd6 13. g3 Bb7 14. Rab1 c5 15. d3 Qe6 16. f3 f5 17. Rfe1 f4 18. g4 Qg6 19. Qd2 h5 20. h3 Be5 21. Ne2 d6 22. Nxf4 Bxf4 23. Qxf4 Rf8 24. Qe3 Rae8 25. c4 Bc8 26. Re2 Qh6 27. Qxh6 gxh6 28. Rf1 h4 29. Bc1 Kh7 30. Be3 Rg8 31. Bf2 h5 32. Bxh4 hxg4 33. hxg4 Rg6 34. Rg2 Reg8 35. Kh2 Rh6 36. Kg3 Kg6 37. f4 Bxg4 38. Kxg4 Kf7+ 39. Kh3 Rxg2 40. Kxg2 Rxh4 41. Rh1 Rxh1 42. Kxh1 Ke6 43. Kg2 c6 44. Kf3 d5 45. exd5+ cxd5 46. cxd5+ Kxd5 47. Ke3 a5 48. a3 Ke6 49. Ke4 Kf6 50. d4 cxd4 51. Kxd4 Kf5 52. b4 axb4 53. axb4 Kxf4 54. b5 Kf5 55. b6 Ke6 56. b7 Kd7 57. b8=Q Kc6 58. Qd8 Kb5 59. Qc7 Kb4 60. Qc5+ Ka4 61. Qc7 Kb5 62. Kc3 Ka6 63. Kb2 Kb5 64. Kb3 Ka6 65. Qc6+ Ka5 66. Qc7+ Ka6 67. Qc5 Kb7 68. Kb4 Ka6 69. Qd6+ Kb7 70. Kc5 Kc8 71. Qe7 Kb8 72. Kb6 Kc8 73. Qc7#   {Black checkmated} 1-0

[Event "Team 45 45 League T27"]
[Site "Free Internet Chess Server"]
[Date "PDT.08.0"]
[Round "8"]
[White "Valiantangel"]
[Black "watson"]
[Result "1/2-1/2"]
[WhiteElo "1807"]
[BlackElo "1933"]
[TimeControl "2700+45"]

1. d4 d5 2. c4 e6 3. Nf3 Nc6 4. Nc3 Bb4 5. Qa4 Ne7 6. Bd2 Bd7 7. Qb3 O-O 8. e3 Rb8 9. a3 dxc4 10. Bxc4 Ba5 11. O-O a6 12. Bd3 Bb6 13. Qd1 Nd5 14. Rc1 Nce7 15. Bxh7+ Kxh7 16. Ng5+ Kg8 17. Nce4 f6 18. Nh3 Be8 19. Nc5 Bf7 20. e4 c6 21. exd5 Nxd5 22. Qg4 f5 23. Qg3 Bc7 24. Qg5 Qd6 25. g3 Bd8 26. Bf4 Nxf4 27. Qxf4 Qxf4 28. Nxf4 Re8 29. Rfe1 Bg5 30. Rc2 Bxf4 31. gxf4 g6 32. Rce2 Red8 33. Nxe6 Bxe6 34. Rxe6 Kg7 35. R1e3 Rxd4 36. Re7+ Kg8 37. Re8+ Rxe8 38. Rxe8+ Kf7 39. Rb8 b5 40. Rb6 Rc4 41. Rxa6 Ke6 42. Ra7 Rxf4 43. b4 g5 44. Kg2 g4 45. Rc7 Kd6 46. Rf7 Kd5 47. Rd7+ Ke6 48. Rc7 Rc4 49. h4 gxh3+ 50. Kxh3 Kd6 51. Ra7 Ke5 52. Kg3 Rc3+ 53. Kg2 Kf4 54. Ra8 Rd3 55. Ra7 Rd6 56. Ra6 Rg6+ 57. Kf1 Kf3 58. a4 Rd6 59. Ke1 bxa4 60. Rxa4 Re6+ 61. Kf1 Rh6 62. Ra3+ Kf4 63. Rc3 Ke4 64. Rc5 f4 65. Rc4+ Ke5 66. Ke2 Rf6 67. Kf3 Kd5 68. Rxf4 Rxf4+ 69. Kxf4 Kc4 70. Ke4 Kxb4 71. f4 c5 72. f5 c4 73. f6 c3 74. f7 Kb3 75. f8=Q c2 76. Qb8+ Kc3 77. Qc7+ Kd2 78. Qd6+ Kc3 79. Qc5+ Kb2 80. Qf2 Kb3 81. Qe3+ Kb2 82. Qd2 Kb1 83. Qb4+ Ka2 84. Qd2 Kb1   {Game drawn by mutual agreement} 1/2-1/2

[Event "Team 45 45 League T27"]
[Site "Free Internet Chess Server"]
[Date "PDT.08.0"]
[Round "8"]
[White "ButiOxa"]
[Black "sidiAhmed"]
[Result "1-0"]
[WhiteElo "1767"]
[BlackElo "1768"]
[TimeControl "2700+45"]

1. e4 c5 2. Nc3 d6 3. f4 Nc6 4. d3 Nf6 5. Nf3 e6 6. g3 Be7 7. Bg2 a6 8. O-O O-O 9. h3 b5 10. g4 Qc7 11. Ne2 Bb7 12. b3 Rab8 13. Bb2 Rfd8 14. f5 exf5 15. gxf5 Nh5 16. Qd2 Bf6 17. Bxf6 Nxf6 18. Qf4 Qb6 19. Nh2 c4+ 20. Rf2 cxd3 21. cxd3 Ne5 22. Rd1 Rbc8 23. d4 Nc6 24. Ng4 Nb4 25. Nxf6+ gxf6 26. Qh6 Re8 27. Rf4 Kh8 28. Rh4   {Black resigns} 1-0

[Event "Team 45 45 League T27"]
[Site "Free Internet Chess Server"]
[Date "PDT.08.0"]
[Round "8"]
[White "kballoloco"]
[Black "threeNT"]
[Result "0-1"]
[WhiteElo "1620"]
[BlackElo "1708"]
[TimeControl "2700+45"]

1. c4 e5 2. Nc3 Nf6 3. d3 Bb4 4. a3 Bxc3+ 5. bxc3 O-O 6. g3 Nc6 7. Bg2 d5 8. cxd5 Nxd5 9. Qb3 Nce7 10. Nf3 Qd6 11. Bb2 f6 12. e4 Be6 13. exd5 Bxd5 14. Qc2 Rad8 15. O-O f5 16. Rad1 e4 17. dxe4 fxe4 18. Ng5 Qb6 19. Nxe4 Bb3 20. Rxd8 Bxc2 21. Rxf8+ Kxf8 22. Bc1 Bxe4 23. Bxe4 g6 24. Bh6+ Kf7 25. Rb1 Qa5 26. Rxb7 Qxc3 27. Bf4 Qe1+   {White resigns} 0-1

[Event "Team 45 45 League T27"]
[Site "Free Internet Chess Server"]
[Date "PDT.08.0"]
[Round "8"]
[White "BlkSabb"]
[Black "Aul"]
[Result "1-0"]
[WhiteElo "1799"]
[BlackElo "1527"]
[TimeControl "2700+45"]

1. d4 d6 2. c4 b6 3. Nc3 g6 4. e4 Bg7 5. Be3 Nc6 6. Nf3 e5 7. d5 Nce7 8. Be2 f5 9. g3 Nf6 10. Nd2 Ng4 11. Bxg4 fxg4 12. Nf1 Ba6 13. Nb5 Qd7 14. a4 c6 15. dxc6 Qxc6 16. Nxd6+ Kf8 17. Nb5 Qxe4 18. Rg1 Qxc4 19. b3 Qb4+ 20. Bd2 Qe4+ 21. Ne3 Nc6 22. Nc7 Nd4 23. Nxa6 Nf3+ 24. Kf1 Qd3+ 25. Kg2 Nxg1 26. Bb4+   {Black resigns} 1-0

[Event "Team 45 45 League T27"]
[Site "Free Internet Chess Server"]
[Date "PDT.08.0"]
[Round "8"]
[White "Sportsmen"]
[Black "nitedozer"]
[Result "1-0"]
[WhiteElo "2201"]
[BlackElo "1923"]
[TimeControl "2700+45"]

1. e4 g6 2. d4 d6 3. Nc3 c6 4. Bc4 Bg7 5. Qf3 e6 6. Nge2 Nf6 7. Bg5 Nbd7 8. O-O-O b5 9. e5 bxc4 10. Qxc6 Rb8 11. exf6 Bxf6 12. Bxf6 Qxf6 13. Ne4 Qd8 14. Nxd6+ Kf8 15. Qxc4 Kg7 16. Qc3 f6 17. Nf4 Nb6 18. Nxc8 Rxc8 19. Nxe6+   {Black resigns} 1-0

[Event "Team 45 45 League T27"]
[Site "Free Internet Chess Server"]
[Date "PDT.08.0"]
[Round "8"]
[White "HotDonut"]
[Black "wester"]
[Result "1-0"]
[WhiteElo "1973"]
[BlackElo "1957"]
[TimeControl "2700+45"]

1. Nf3 d5 2. c4 c6 3. g3 Bg4 4. Ne5 Bh5 5. Bg2 Nf6 6. cxd5 cxd5 7. Qa4+ Nbd7 8. g4 Bg6 9. h4 Qc7 10. Nxd7 Qxc1+ 11. Qd1 Qxd1+ 12. Kxd1 Kxd7 13. Nc3 e6 14. h5 Nxg4 15. Ke1 Bf5 16. f3 Ne5 17. d4 Nc6 18. e4 Nxd4 19. Kf2 dxe4 20. fxe4 Bg4 21. Rh4 Bc5 22. Na4 Rac8 23. Rxg4 g6 24. e5 Nf5+ 25. Nxc5+ Rxc5 26. Rd1+ Ke7 27. Rb4 Rc2+ 28. Kg1 Rxg2+ 29. Kxg2 Ne3+ 30. Kf3 Nxd1 31. Rxb7+ Kf8 32. Rb8+ Kg7 33. h6+ Kxh6 34. Rxh8 Nxb2 35. Ra8 Nc4 36. Ke4 g5 37. Rxa7 Kg6 38. Ra8 f5+ 39. exf6 Kxf6 40. a4 h5 41. a5 h4 42. a6 Nd6+ 43. Kf3 Nb5 44. a7 Nxa7 45. Rxa7 Kf5 46. Rf7+ Kg6 47. Rf8 Kg7 48. Ra8 Kf6 49. Kg4 Ke5 50. Ra5+ Kd4 51. Rxg5 e5 52. Kxh4 e4 53. Kg3 Kd3 54. Kf2 e3+ 55. Ke1 e2 56. Rg3+ Ke4 57. Kxe2 Kf4 58. Rg2 Ke5 59. Ke3 Kd5 60. Rc2 Ke5 61. Rc5+ Kd6 62. Kd4 Ke6 63. Ke4 Kd6 64. Rc4 Ke6 65. Rc6+ Kd7 66. Kd5 Ke7 67. Ke5 Kd7 68. Rc5 Ke7 69. Rc7+ Kd8 70. Kd6 Ke8 71. Ke6 Kd8 72. Rc6 Ke8 73. Rc8#   {Black checkmated} 1-0

[Event "Team 45 45 League T27"]
[Site "Free Internet Chess Server"]
[Date "PDT.08.0"]
[Round "8"]
[White "noHz"]
[Black "mandragora"]
[Result "1-0"]
[WhiteElo "1916"]
[BlackElo "1847"]
[TimeControl "2700+45"]

1. e4 e5 2. Nf3 Nc6 3. Bb5 a6 4. Ba4 Nf6 5. O-O Nxe4 6. d4 b5 7. Bb3 d5 8. dxe5 Be6 9. c3 Be7 10. Qe2 O-O 11. Rd1 Nc5 12. Bc2 Qd7 13. Nbd2 Rad8 14. b4 Nb7 15. a4 Rb8 16. axb5 axb5 17. Bd3 d4 18. Bxb5 dxc3 19. Ne4 Qe8 20. Ra6 Bd7 21. Rxd7 Qxd7 22. Bxc6 Qc8 23. Be3 Nd8 24. Nd4 Rxb4 25. Nxc3 Ne6 26. Nf5 Re8 27. Ra8 Rb8 28. Rxb8 Qxb8 29. Bxe8 Qxe8 30. Nxe7+ Qxe7 31. Qc4 h6 32. h3 Qd7 33. Nd5 Qd8 34. Qc6 Qb8 35. Kh2 Qd8 36. f4 Kh7 37. f5 Ng5 38. e6 fxe6 39. fxe6   {Black resigns} 1-0

[Event "Team 45 45 League T27"]
[Site "Free Internet Chess Server"]
[Date "2005.08.13"]
[Round "9"]
[White "Lofoten"]
[Black "LLIAMAH"]
[Result "0-1"]
[WhiteElo "1674"]
[BlackElo "1700"]
[TimeControl "2700+45"]

1. e4 c5 2. Nf3 Nc6 3. c3 Nf6 4. e5 Nd5 5. d4 cxd4 6. cxd4 e6 7. Bc4 Nb6 8. Bb3 Na5 9. O-O Nxb3 10. Qxb3 d5 11. Bg5 Be7 12. Bxe7 Qxe7 13. Qa3 Qxa3 14. Nxa3 Bd7 15. Rac1 O-O 16. Rc7 Bc6 17. Rc1 Rae8 18. b4 a6 19. g3 Na8 20. R1xc6 bxc6 21. Rxc6 Rb8 22. Nc2 Rfc8 23. Rc5 Rxc5 24. dxc5 Nc7 25. Nfd4 Nb5 26. Nxb5 axb5 27. Kf1 Ra8 28. a3 Kf8 29. Ke2 f6 30. f4 Kf7 31. Kd3 fxe5 32. fxe5 Ke7 33. Kc3 Rf8 34. Nd4 Rf2 35. Nxb5 Rxh2 36. Nd6 Rg2 37. c6 Rxg3+ 38. Kd4 Kd8 39. b5 Rxa3 40. b6 Ra8 41. c7+ Kd7 42. Ke3 g5 43. Kf3 h5 44. Kg3 d4 45. Kf3 Rf8+ 46. Ke4 h4 47. Kxd4 h3   {White resigns} 0-1

[Event "Team 45 45 League T27"]
[Site "Free Internet Chess Server"]
[Date "2005.08.12"]
[Round "9"]
[White "Nezha"]
[Black "BIRDSMAN"]
[Result "1-0"]
[WhiteElo "1762"]
[BlackElo "1648"]
[TimeControl "2700+45"]

1. e4 c5 2. Nf3 e6 3. c4 d6 4. Nc3 Nf6 5. Be2 Nc6 6. d4 cxd4 7. Nxd4 a6 8. O-O Qb6 9. Nb3 Bd7 10. Be3 Qc7 11. Rc1 Rc8 12. f4 Na5 13. Nd2 Nc6 14. a3 Be7 15. b4 O-O 16. b5 axb5 17. cxb5 Nb8 18. Nd5 Nxd5 19. Rxc7 Nxe3 20. Qc1 Nxf1 21. Kxf1 Rfd8 22. b6 d5 23. exd5 exd5 24. Qb2 Bf6 25. Qb3 Be6 26. g3 Bd4 27. Nf3 Bh3+ 28. Ke1 Bf6 29. Ng5 Bf5 30. Nxf7 Rf8 31. Nd6 Rcd8 32. Qxd5+ Kh8 33. Nf7+ Rxf7 34. Qxf7 Nc6 35. g4 Bc3+ 36. Kf1 Nd4 37. Qxg7#   {Black checkmated} 1-0

[Event "Team 45 45 League T27"]
[Site "Free Internet Chess Server"]
[Date "2005.08.14"]
[Round "9"]
[White "SuperDiman"]
[Black "itsMrPatzer"]
[Result "0-1"]
[WhiteElo "1470"]
[BlackElo "1508"]
[TimeControl "2700+45"]

1. d4 e6 2. Nf3 d5 3. e3 c5 4. Be2 Nc6 5. c4 dxc4 6. Bxc4 cxd4 7. Nxd4 Nxd4 8. exd4 Nf6 9. Qa4+ Bd7 10. Qd1 Qc7 11. Be2 Bd6 12. g3 O-O 13. Bf3 Bc6 14. O-O Rac8 15. Bg5 Ne4 16. Bxe4 Bxe4 17. Nc3 Bc6 18. Rc1 Qd7 19. d5 exd5 20. Nxd5 Qf5 21. Be7 Rfe8 22. Ne3 Qe4 23. Rxc6 Rxc6 24. Bxd6 Rd8 25. Re1 Rcxd6 26. Qb3 Qc6 27. Nf5 Re6 28. Rxe6 Qxe6 29. Qf3 Qe1+ 30. Kg2 Rd1 31. Kh3 Rd2 32. Qxb7 Rd8 33. Qxa7 Qe6 34. Qa5 Qd7 35. g4 h6 36. Qc3 Qd3+ 37. Qxd3 Rxd3+ 38. Kg2 Rd2 39. b4 Rxa2 40. b5 Rb2 41. Nd6 Kf8 42. Kf3 Ke7 43. Nc8+ Kd7 44. Na7 g6 45. Ke3 f6 46. Kd3 Kc7 47. Kc4 Rxf2 48. Nc6 Kb6 49. Ne7 Rf4+   {White resigns} 0-1